 Dungeon Crawl Stone Soup version 0.30-a0-595-g91969c0fa5 (webtiles) character file.

Game seed: 12811304080443370784

620867 Armakuni the Annihilator (level 27, -4/173 HPs)
             Began as a Human Conjurer on Jan 5, 2023.
             Was the Champion of Vehumet.
             Slain by a rockslime (30 damage)
             ... while paralysed by a floating eye
             ... on level 5 of the Pits of Slime on Jan 6, 2023.
             The game lasted 05:20:13 (73985 turns).

Armakuni the Annihilator (Human Conjurer)          Turns: 73985, Time: 05:20:14

Health: -4/173     AC: 35    Str: 16    XL:     27
Magic:  40/54      EV:  2    Int: 29    God:    Vehumet [******]
Gold:   9642       SH:  0    Dex: 18    Spells: 9/80 levels left

rFire   + + .      SeeInvis .    a - staff of conjuration
rCold   + + +      Faith    .    T - +2 buckler {AC+3}
rNeg    + + .      Spirit   .    z - +8 fire dragon scales {Xtahua}
rPois   +          Reflect  .    h - -2 hat of the Alchemist {rElec rPois rF+ rC+ rN+ Will+ rMut rCorr}
rElec   +          Harm     +    I - +2 cloak of Untruth {rF- rC++ Will+ Stlth+}
rCorr   +          Rampage  .    G - +1 pair of gloves of Kuegepse {Str+3}
rMut    +                        H - +2 pair of boots
Will    +++++                    R - amulet of Coug {Harm rElec Regen+ rCorr}
Stlth   ++                       W - ring of Wishful Thinking {rPois rC+ Will++ Dex+4}
HPRegen 1.28/turn                A - ring of Cuydiphy {rPois rC+ rN+ AC+4 Int+4}
MPRegen 0.34/turn

@: paralysed, engulfed (cannot breathe), studying Maces & Flails
A: no striking features
}: 3/15 runes: decaying, silver, gossamer
a: Renounce Religion


You were on level 5 of the Pits of Slime.
You worshipped Vehumet.
Vehumet was exalted by your worship.
You visited 12 branches of the dungeon, and saw 56 of its levels.
You also visited: Ossuary and Ice Cave.

You collected 16241 gold pieces.
You spent 6599 gold pieces at shops.

Inventory:

Hand Weapons
 b - the +7 broad axe "Bofost" {elec, Str+5 Dex+6}
   (You bought it in a shop on level 4 of the Vaults)

   Str:       It affects your strength (+5).
   Dex:       It affects your dexterity (+6).
Missiles
 F - a throwing net
 N - 6 curare-tipped darts
Armour
 h - the -2 hat of the Alchemist (worn) {rElec rPois rF+ rC+ rN+ Will+ rMut rCorr}
   (You found it on level 1 of the Depths)

   rF:        It protects you from fire.
   rC:        It protects you from cold.
   rElec:     It insulates you from electricity.
   rPois:     It protects you from poison.
   rN:        It protects you from negative energy.
   rCorr:     It protects you from acid and corrosion.
   rMut:      It protects you from mutation.
   Will:      It increases your willpower.
 z - +8 fire dragon scales (worn) {Xtahua}
 G - the +1 pair of gloves of Kuegepse (worn) {Str+3}
   (You bought it in a shop on level 2 of the Orcish Mines)

   Str:       It affects your strength (+3).
 H - a +2 pair of boots (worn)
 I - the +2 cloak of Untruth (worn) {rF- rC++ Will+ Stlth+}
   (You found it on level 2 of the Orcish Mines)

   rF:        It makes you vulnerable to fire.
   rC:        It greatly protects you from cold.
   Will:      It increases your willpower.
   Stlth:     It makes you more stealthy.
 T - a +2 buckler of protection (worn)
Magical Staves
 a - a staff of conjuration (weapon)
Jewellery
 A - the ring of Cuydiphy (right hand) {rPois rC+ rN+ AC+4 Int+4}
   (You acquired it on level 7 of the Dungeon)

   [ring of protection]

   AC:        It affects your AC (+4).
   Int:       It affects your intelligence (+4).
   rC:        It protects you from cold.
   rPois:     It protects you from poison.
   rN:        It protects you from negative energy.
 E - a ring of see invisible
 R - the amulet of Coug (around neck) {Harm rElec Regen+ rCorr}
   (You acquired it in an ossuary)

   [amulet of regeneration]

   rElec:     It insulates you from electricity.
   Regen:     It increases your rate of health regeneration.
   rCorr:     It protects you from acid and corrosion.
   Harm:      It increases damage dealt and taken.
 W - the ring of Wishful Thinking (left hand) {rPois rC+ Will++ Dex+4}
   (You found it on level 5 of the Realm of Zot)

   [ring of poison resistance]

   Dex:       It affects your dexterity (+4).
   rC:        It protects you from cold.
   rPois:     It protects you from poison.
   Will:      It greatly increases your willpower.
Wands
 j - a wand of mindburst (28)
 k - a wand of digging (16)
 n - a wand of charming (69)
 r - a wand of roots (31)
 s - a wand of quicksilver (26)
 v - a wand of flame (100)
Scrolls
 o - 6 scrolls of blinking
 u - 6 scrolls of amnesia
 x - 13 scrolls of noise
 y - 53 scrolls of identify
 C - 9 scrolls of fog
 J - 13 scrolls of immolation
 K - 8 scrolls of vulnerability
 O - 27 scrolls of teleportation
 Q - 9 scrolls of magic mapping
 S - 3 scrolls of butterflies
 U - 10 scrolls of fear
 V - a scroll of silence
Potions
 d - 14 potions of flight
 e - 28 potions of curing
 f - 6 potions of cancellation
 g - 15 potions of heal wounds
 i - 11 potions of brilliance
 q - 5 potions of ambrosia
 w - 9 potions of mutation
 B - 8 potions of lignification
 D - 6 potions of resistance
 L - 2 potions of magic
 M - 3 potions of invisibility
 Z - a potion of haste
Miscellaneous
 c - a condenser vane
 l - a lightning rod (4/4)
 m - a phantom mirror
 p - a box of beasts
 t - a tin of tremorstones (2/2)


   Skills:
 - Level 5.0 Fighting
 - Level 12.0 Staves
 - Level 14.0 Armour
 - Level 5.0 Dodging
 - Level 2.0 Stealth
 - Level 9.0 Shields
 O Level 27 Spellcasting
 O Level 27 Conjurations
 - Level 5.0 Summonings
 - Level 10.0 Necromancy
 - Level 5.0 Translocations
 + Level 7.1 Fire Magic
 - Level 10.0 Ice Magic
 - Level 5.0 Air Magic
 + Level 8.8 Earth Magic
 - Level 15.6 Evocations


You had 9 spell levels left.
You knew the following spells:

 Your Spells              Type           Power      Damage    Failure   Level
a - Apportation           Tloc           100%       N/A       1%          1
b - Sublimation of Blood  Necr           77%        N/A       1%          2
c - Freezing Cloud        Conj/Ice/Air   55%        6-21      1%          5
f - Fireball              Conj/Fire      59%        3d23      1%          5
h - Hailstorm             Conj/Ice       100%       3d20      0%          3
i - Irradiate             Conj/Tmut      54%        3d29      1%          5
l - Lehudib's Crystal Sp  Conj/Erth      60%        10d14     3%          8
m - Iskenderun's Mystic   Conj/Tloc      100%       2d19      1%          4
p - Spellforged Servitor  Conj/Summ      57%        N/A       1%          7
s - Iskenderun's Battles  Conj           100%       2d15      0%          5
t - Blink                 Tloc           100%       N/A       1%          2
w - Passwall              Tmut/Erth      49%        N/A       1%          2
z - Iron Shot             Conj/Erth      60%        9d11      1%          6
F - Fire Storm            Conj/Fire      59%        8d15      50%         9
L - Lesser Beckoning      Tloc           100%       N/A       1%          3
S - Sticky Flame          Conj/Fire      100%       2d11      0%          4

Your spell library contained the following spells:

 Spells                   Type           Power      Damage    Failure   Level
 Chain Lightning          Conj/Air       57%        3d76      63%         9
 Shatter                  Erth           37%        3d29*     100%        9
 Foxfire                  Conj/Fire      100%       2x1d9     0%          1
 Kiss of Death            Conj/Necr      100%       2d13      0%          1
 Magic Dart               Conj           100%       1d8       0%          1
 Shock                    Conj/Air       100%       1d9       0%          1
 Momentum Strike          Conj/Tloc      100%       3d10      0%          2
 Searing Ray              Conj           100%       2d8       0%          2
 Static Discharge         Conj/Air       100%       2-7/arc   0%          2
 Stone Arrow              Conj/Erth      100%       3d13      0%          3
 Flame Wave               Conj/Fire      100%       2d21      0%          4
 Freeze                   Ice            100%       1d10      1%          1
 Necrotise                Necr           100%       1d9       1%          1
 Summon Small Mammal      Summ           100%       N/A       1%          1
 Call Imp                 Summ           62%        N/A       1%          2
 Ensorcelled Hibernation  Hex/Ice        100%       N/A       1%          2
 Scorch                   Fire           100%       2d10      1%          2
 Call Canine Familiar     Summ           62%        N/A       1%          3
 Dazzling Flash           Conj/Hex       100%       N/A       1%          3
 Frozen Ramparts          Ice            100%       1d16      1%          3
 Gell's Gravitas          Tloc           62%        N/A       1%          3
 Ignite Poison            Fire/Tmut/Pois 52%        N/A       1%          3
 Inner Flame              Hex/Fire       56%        N/A       1%          3
 Kindle Blastsparks       Fire/Tloc/Air  100%       2d18      1%          3
 Mephitic Cloud           Conj/Pois/Air  100%       N/A       1%          3
 Ozocubu's Armour         Ice            77%        N/A       1%          3
 Swiftness                Air            62%        N/A       1%          3
 Teleport Other           Tloc           62%        N/A       1%          3
 Vampiric Draining        Necr           77%        2d11      1%          3
 Vhi's Electric Charge    Tloc/Air       100%       N/A       1%          3
 Airstrike                Air            31%        2d(5-21)  1%          4
 Animate Armour           Summ/Erth      100%       N/A       1%          4
 Dispel Undead            Necr           77%        3d25      1%          4
 Fulminant Prism          Conj/Hex       54%        3d23      1%          4
 Summon Ice Beast         Ice/Summ       70%        N/A       1%          4
 Agony                    Necr           77%        N/A       1%          5
 Arcjolt                  Conj/Air       57%        1d67      1%          5
 Lightning Bolt           Conj/Air       57%        1d80      1%          5
 Conjure Ball Lightning   Conj/Air       57%        3x3d21    1%          6
 Starburst                Conj/Fire      59%        6d16      1%          6
 Orb of Destruction       Conj           69%        9d16      1%          7
 Beastly Appendage        Tmut           78%        N/A       2%          1
 Sting                    Tmut/Pois      100%       1d8       2%          1
 Portal Projectile        Hex/Tloc       100%       N/A       2%          3
 Summon Guardian Golem    Hex/Summ       52%        N/A       2%          3
 Wereblood                Tmut           39%        N/A       3%          2
 Anguish                  Hex/Necr       31%        N/A       3%          4
 Ice Form                 Ice/Tmut       62%        N/A       3%          4
 Summon Lightning Spire   Summ/Air       62%        N/A       3%          4
 Leda's Liquefaction      Hex/Erth       29%        N/A       4%          4
 Petrify                  Tmut/Erth      59%        N/A       4%          4
 Simulacrum               Ice/Necr       38%        N/A       6%          6
 Confusing Touch          Hex            39%        N/A       8%          3
 Spider Form              Tmut/Pois      39%        N/A       8%          3
 Tukima's Dance           Hex            39%        N/A       8%          3
 Metabolic Englaciation   Hex/Ice        31%        N/A       9%          5
 Summon Forest            Summ/Tloc      31%        N/A       9%          5
 Cause Fear               Hex            19%        N/A       24%         4
 Silence                  Hex/Air        26%        N/A       24%         5
 Summon Mana Viper        Hex/Summ       52%        N/A       24%         5
 Dispersal                Tloc           31%        N/A       43%         6
 Summon Cactus Giant      Summ           31%        N/A       43%         6
 Statue Form              Tmut/Erth      39%        N/A       54%         6
 Blade Hands              Tmut           19%        N/A       56%         5
 Eringya's Noxious Bog    Tmut/Pois      19%        N/A       65%         6
 Monstrous Menagerie      Summ           31%        N/A       95%         7
 Summon Hydra             Summ           31%        N/A       95%         7
 Maxwell's Capacitive Co  Air            31%        ∞         99%         8
 Dragon Form              Tmut           19%        N/A       100%        7
 Enfeeble                 Hex            19%        N/A       100%        7
 Discord                  Hex            19%        N/A       100%        8
 Dragon's Call            Summ           31%        N/A       100%        9
 Polar Vortex             Ice            38%        N/A       100%        9


Dungeon Overview and Level Annotations

Branches:
Dungeon (15/15)            Temple (1/1) D:7            Lair (5/5) D:8
  Swamp (4/4) Lair:2       Spider (4/4) Lair:3        Slime (5/5) Lair:4
    Orc (2/2) D:11            Elf (3/3) Orc:2        Vaults (5/5) D:13
  Crypt (3/3) Vaults:2       Tomb (0/3) Crypt:3      Depths (4/4) D:15
    Zot (5/5) Depths:4    Ossuary (visited)           IceCv (visited)

Altars:
Ashenzari
Cheibriados
Dithmenos
Elyvilon
Fedhas
Gozag
Hepliaklqana
Kikubaaqudgha
Makhleb
Nemelex Xobeh
Okawaru
Qazlal
Ru
Sif Muna
Trog
Uskayaw
Vehumet
Wu Jian
Xom
Yredelemnul
Zin
The Shining One
Jiyva

Shops:
D:2 [   D:5 [*   D:11 *   D:15 !   Orc:2 (=[*   Elf:2 *(:[?*[:   Elf:3 *
Vaults:1 (*[   Vaults:2 (   Vaults:4 :(*   Vaults:5 =::[[*   Depths:1 *
Depths:4 ?

Portals:
Hell: Depths:1 Depths:2 Depths:3 Depths:4
Abyss: Depths:3 Depths:4
Pandemonium: Depths:2
Ziggurat: Depths:4

Annotations:
D:8 4 transporters
Elf:2 3 runed translucent doors, exclusion: 3 doors
Zot:3 2 transporters, exclusion: orange crystal statue


Message History

You feel a surge of power!
You erupt in a blast of force!
The mystic blast hits the rockslime!
The rockslime is severely wounded.
The rockslime is knocked back by the mystic blast.
The mystic blast hits the great orb of eyes!
The great orb of eyes is severely wounded.
The mystic blast hits the rockslime!
The rockslime is moderately wounded.
The rockslime is knocked back by the mystic blast.
The mystic blast hits the rockslime!
The rockslime is moderately wounded.
The rockslime is knocked back by the mystic blast.
The acid blob spits acid at you. The splash of acid misses you.
The splash of acid hits the rockslime but does no damage.
The floating eye seems to glare at you. You block the rockslime's attack.
The floating eye gazes piercingly through you!
You suddenly lose the ability to move!
The rockslime barely misses you. The quicksilver ooze hits you!
The quicksilver ooze engulfs you!
The quicksilver ooze hits you but does no damage.
The azure jelly hits you but does no damage. x4
The floating eye seems to glare at you. The rockslime hits you!!
* * * LOW HITPOINT WARNING * * *
You hold your ground!
The rockslime hits you but does no damage.
* * * LOW HITPOINT WARNING * * *
Your lungs strain for air!
The quicksilver ooze hits you!
* * * LOW HITPOINT WARNING * * *
The quicksilver ooze hits you but does no damage.
The azure jelly hits you.
* * * LOW HITPOINT WARNING * * *
The azure jelly freezes you! You resist.
* * * LOW HITPOINT WARNING * * *
The azure jelly hits you but does no damage. x3
The rockslime hits you!!
You die...

,,.#.#,* #.## ,,....#####..#####
,,...............##
,.................##
...................#
...................##
....^...............#
...............J.J.###
............GJ.J@<...#***
.............G..JJ......#**
.........................,*
.........................***
.........................,,****
.........................,***,**
#..##.#..#...............,*,,,,*
##*##.####...............,,,,***
*,*#..#*,##..........,,,,,,,,,,*


You could see an acid blob, an azure jelly, a great orb of eyes, 3 rockslimes, a
quicksilver ooze and a floating eye (charged).

Vanquished Creatures
  the Royal Jelly (Slime:5)
  Mennas (Vaults:3)
  3 ancient liches
  3 orbs of fire the Lernaean hydra (Swamp:4)
  A Killer Klown (Zot:2)
  Xtahua (Vaults:3)
  Bai Suzhen (Elf:2)
  Vv (Zot:4)
  4 shard shrikes (Depths:2)
  Margery (Vaults:4)
  The ghost of Wikemp the Black Belt, a veteran DsWn of Jiyva (Vaults:2)
  A curse toe (Zot:3)
  A caustic shrike (Depths:1)
  14 golden dragons
  4 bone dragons
  2 profane servitors (Crypt:3)
  2 doom hounds (Zot:2)
  A Tzitzimitl (Zot:2)
  3 electric golems
  4 hellephants (Depths:2)
  13 tentacled monstrosities
  4 titans
  4 liches
  11 acid blobs
  4 deep elf blademasters (Elf:3)
  Grunn (Zot:2)
  2 deep elf master archers (Elf:3)
  Asterion (Vaults:3)
  6 quicksilver dragons
  9 ancient champions
  4 thorn hunters
  The ghost of p0werm0de the Tortoise, an adept AtCK of Xom (Spider:4)
  5 sphinxes
  2 death cobs
  16 draconian monks
  15 storm dragons
  Roxanne (Elf:3)
  Donald (Elf:3)
  Kirke (Swamp:3)
  8 shadow dragons
  5 draconian knights
  A fenstrider witch (Swamp:4)
  8 tengu reavers
  An azure jelly (Slime:5)
  4 revenants
  6 rockslimes
  10 emperor scorpions
  An azure jelly (shapeshifter) (D:15)
  10 deep elf sorcerers
  11 fire giants
  A nargun (Depths:2)
  2 iron dragons
  Louise (Depths:4)
  20 vault wardens
  4 spectral caustic shrikes (Depths:3)
  A draconian shifter (Zot:4)
  13 frost giants
  6 draconian scorchers
  12 draconian stormcallers
  7 ghost moths
  The ghost of Jaime2 the Protected, a journeyman MiBe of Trog (Spider:1)
  2 orc warlords
  4 quicksilver oozes
  16 very ugly things
  3 spriggan defenders
  5 reapers
  A juggernaut zombie (Crypt:3)
  2 draconian annihilators (Zot:2)
  3 deep elf elementalists
  A stone giant (shapeshifter) (Vaults:5)
  9 ghouls
  5 war gargoyles
  13 stone giants
  4 ironbound thunderhulks
  The ghost of CoolSool the Martial Artist, a journeyman DgTm (Lair:5)
  A caustic shrike skeleton (Crypt:3)
  4 broodmothers
  25 ironbound preservers
  A putrid mouth (Zot:2)
  The ghost of Wuassiha the Nimble, a journeyman DjCj of Makhleb (Orc:2)
  8 vampire knights
  9 deep elf demonologists
  14 dire elephants
  5 green draconians
  15 black draconians
  7 deep elf annihilators
  12 yellow draconians
  11 red draconians
  4 bunyips
  4 eleionomae
  13 purple draconians
  2 spark wasps (Depths:3)
  8 deep elf death magi
  5 white draconians
  10 ettins
  3 crystal guardians (Depths:3)
  2 entropy weavers
  4 deep elf high priests (Elf:3)
  11 yaktaur captains
  A spriggan zombie (Crypt:3)
  An entropy weaver (shapeshifter) (Vaults:4)
  5 shambling mangroves
  21 ice dragons
  12 jiangshi
  19 fire dragons
  8 great orbs of eyes
  7 rakshasas
  Erolcha (Orc:2)
  2 hydras (shapeshifter)
  14 hydras
  5 quicksilver dragon skeletons
  34 vault guards
  2 caustic shrike simulacra
  5 spriggan air magi
  Erica (Orc:1)
  7 radroaches
  A peacekeeper (Vaults:4)
  9 ironbound frosthearts
  A jorogumo (Spider:1)
  7 centaur warriors
  6 two-headed ogres
  11 alligators
  A two-headed ogre (shapeshifter) (Vaults:5)
  9 boulder beetles
  2 death knights
  A ghost crab (Swamp:2)
  20 dancing weapons
  A death yak (Lair:5)
  2 death scarabs
  4 deep troll shamans (Depths:1)
  3 hell hogs (Depths:2)
  5 spriggan berserkers
  13 vampire magi
  2 tengu warriors
  6 deep troll earth magi
  4 orc high priests
  A soul eater (Crypt:2)
  A titan skeleton (Crypt:2)
  15 hell knights
  Sonja (D:12)
  11 deep elf knights
  3 shadow wraiths (Crypt:3)
  4 goliath frogs
  16 skeletal warriors
  A death drake (Zot:2)
  2 sun moths
  6 iron trolls
  A fire crab (shapeshifter) (Depths:3)
  A spectral anaconda (Lair:5)
  2 spectral death yaks (Lair:5)
  An iron giant zombie (Crypt:2)
  6 pharaoh ants
  9 orb spiders
  6 flayed ghosts
  6 deep elf archers
  A swamp dragon (shapeshifter) (Depths:3)
  56 deep trolls
  A quicksilver dragon simulacrum (Depths:2)
  4 spriggan druids
  2 glowing orange brains
  2 obsidian statues
  6 bog bodies
  11 swamp dragons
  3 orange crystal statues
  An iron giant skeleton (Crypt:3)
  6 phantasmal warriors
  2 golden dragon skeletons (Crypt:2)
  A bunyip skeleton (Crypt:3)
  11 wizards
  4 spriggan simulacra
  21 ironbound convokers
  5 orc knights
  Pikel (D:5)
  9 harpies
  10 necromancers
  29 deep elf pyromancers
  An iron dragon zombie (Crypt:2)
  10 lindwurms
  2 oklob plants
  2 mana vipers (shapeshifter)
  5 orc sorcerers
  8 steelbarb worms
  A manticore (shapeshifter) (Vaults:5)
  49 ugly things
  4 cyclopes
  A fire giant zombie (Crypt:1)
  29 deep elf zephyrmancers
  2 will-o-the-wisps
  2 shining eyes (Slime:2)
  A stone giant zombie (Crypt:3)
  20 wolf spiders
  30 moths of wrath
  4 manticores
  3 black mambas
  28 elephants
  An eye of devastation (Slime:5)
  Maurice (D:12)
  2 dire elephant zombies (Lair:5)
  A molten gargoyle (Lair:3)
  4 demonic crawlers
  An iron dragon skeleton (Crypt:2)
  A storm dragon simulacrum (Depths:2)
  17 vault sentinels
  2 gargoyles
  11 cane toads
  An elephant slug zombie (Crypt:1)
  3 torpor snails
  A komodo dragon (shapeshifter) (Elf:3)
  2 grey draconian zombies
  A purple draconian zombie (Crypt:3)
  2 unseen horrors
  3 rime drakes
  5 komodo dragons
  An alligator snapping turtle zombie (Crypt:2)
  14 freezing wraiths
  A minotaur skeleton (Crypt:1)
  A yaktaur (shapeshifter) (Vaults:5)
  30 yaktaurs
  2 tengu conjurers
  2 golden dragon simulacra (Depths:2)
  5 ice devils (IceCv)
  13 trolls
  A green draconian skeleton (Crypt:2)
  5 meliai
  3 harpy zombies (Crypt:2)
  4 bloated husks
  7 tyrant leeches
  A mana viper skeleton (Crypt:3)
  30 tarantellas
  24 hornets
  A polar bear (Lair:1)
  4 blink frogs (Lair:4)
  A culicivora zombie (Crypt:2)
  4 spectral elephants (Lair:5)
  A meliai zombie (D:13)
  A slime creature (shapeshifter) (Vaults:2)
  2 dream sheep (Lair:2)
  50 slime creatures
  4 flying skulls (Crypt:3)
  21 spriggans
  56 yaks
  24 jumping spiders
  2 wyverns
  A fire dragon skeleton (Crypt:2)
  A dire elephant simulacrum (Lair:5)
  A shadow (D:11)
  23 culicivoras
  A naga simulacrum (Crypt:2)
  10 vampires
  5 wraiths
  6 golden eyes
  4 water elementals
  3 fire elementals
  A human (Swamp:3)
  3 basilisks (Lair:5)
  A redback (shapeshifter) (Vaults:1)
  A steam dragon (D:9)
  3 death yak simulacra (Lair:5)
  55 redbacks
  12 vampire mosquitoes
  4 minotaur simulacra (IceCv)
  A spectral cane toad (Lair:5)
  19 swamp worms
  A hydra simulacrum (IceCv)
  11 wargs
  8 acid dragons
  14 water moccasins
  A demonspawn skeleton (Crypt:3)
  A floating eye (shapeshifter) (Vaults:5)
  A naga skeleton (Crypt:2)
  3 floating eyes
  32 orc warriors
  9 swamp drakes
  A blink frog zombie (Crypt:1)
  2 sky beasts
  2 black bears
  2 ice beasts
  An alligator simulacrum (IceCv)
  46 wolves
  3 centaurs
  An elephant zombie (Lair:5)
  6 ogres
  8 boggarts
  2 elephant skeletons (Lair:5)
  3 phantoms
  A kobold brigand (D:9)
  Blork the orc (D:5)
  A draconian skeleton (Crypt:2)
  5 earth elementals
  7 bullfrogs
  2 gnoll sergeants
  8 scorpions
  3 necrophages
  2 deep troll simulacra (IceCv)
  11 wights
  An elephant simulacrum (Lair:5)
  3 lindwurm simulacra (IceCv)
  13 killer bees
  An oklob sapling (Swamp:3)
  10 howler monkeys
  A wolf zombie (Crypt:2)
  3 electric eels
  A lava snake (Lair:3)
  A crimson imp (Orc:1)
  14 centaur zombies
  5 orc priests
  4 human zombies (Ossuary)
  4 jellies
  2 gnoll boudas
  An iron imp (Orc:1)
  3 iguanas
  5 scorpion zombies (Ossuary)
  2 boggart zombies (D:13)
  27 orc wizards
  A sky beast zombie (Crypt:2)
  An ogre skeleton (Crypt:2)
  A hound skeleton (Crypt:2)
  3 mummies (Ossuary)
  23 gnolls
  4 adders (D:6)
  3 shadow imps
  A white imp (Orc:1)
  A worm zombie (Crypt:3)
  An iguana zombie (Crypt:1)
  2 dart slugs
  3 worms
  55 orcs
  4 ball pythons
  4 bats
  A bat skeleton (Crypt:3)
  A bat zombie (Crypt:2)
  7 endoplasms
  A giant cockroach (D:4)
  5 gnoll zombies
  7 goblins
  11 hobgoblins
  9 jackals
  5 quokkas
  6 frilled lizards
  A frilled lizard skeleton (Crypt:2)
  2 goblin zombies (Ossuary)
  3 hobgoblin zombies (Ossuary)
  A jackal skeleton (Crypt:3)
  11 kobolds
  A kobold zombie (Ossuary)
  2 orc zombies (Ossuary)
  9 rats
  A rat zombie (D:4)
  3 briar patches (Swamp:4)
  A butterfly (Lair:5)
2291 creatures vanquished.

Vanquished Creatures (collateral kills)
  An ancient lich (Vaults:5)
  2 golden dragons
  2 tentacled monstrosities
  2 walking divine tomes
  2 titans (Vaults:5)
  An acid blob (Lair:4)
  A tengu reaver (Depths:1)
  A storm dragon (Zot:2)
  A death cob (Zot:2)
  2 draconian monks (Zot:1)
  An iron dragon (Vaults:5)
  2 frost giants
  3 fire giants
  2 vault wardens (Vaults:5)
  A draconian shifter (Zot:1)
  An ironbound preserver (Vaults:5)
  A stone giant (Depths:3)
  A war gargoyle (Vaults:5)
  4 very ugly things
  A green draconian (Zot:1)
  A red draconian (Zot:1)
  A vampire knight (Crypt:1)
  3 black draconians
  2 yellow draconians
  2 purple draconians
  A white draconian (Zot:1)
  A fire dragon (Zot:2)
  A jiangshi (Crypt:2)
  An ettin (Depths:1)
  2 yaktaur captains (Vaults:5)
  An ice dragon (Zot:2)
  2 quicksilver dragon skeletons
  A spriggan skeleton (Crypt:2)
  A deep troll shaman (Depths:1)
  A spriggan (Depths:4)
  4 hell knights
  A shadow wraith (Crypt:3)
  A pharaoh ant (Spider:4)
  3 skeletal warriors
  5 deep trolls
  A flayed ghost (Crypt:2)
  A golden dragon skeleton (Crypt:2)
  A bog body (Crypt:2)
  4 ugly things
  A lindwurm (Vaults:1)
  2 necromancers
  A stone giant skeleton (Crypt:3)
  A yellow draconian skeleton (Crypt:1)
  A meliai (Spider:4)
  A hornet (Depths:4)
  4 slime creatures
  2 golden eyes (Slime:2)
87 creatures vanquished.

Vanquished Creatures (others)
  An ogre mage (D:15)
  A deep elf archer (Elf:3)
  A bog body (IceCv)
  A redback (Spider:4)
  An orc (Orc:1)
  2 foxfires (Swamp:3)
  62 fungi
  65 plants
  26 withered plants (Lair:5)
160 creatures vanquished.

Grand Total: 2538 creatures vanquished

Notes
Turn   | Place    | Note
-------+----------+-------------------------------------------
     0 | D:1      | Armakuni the Human Conjurer began the quest for the Orb.
     0 | D:1      | Reached XP level 1. HP: 13/13 MP: 3/3
   172 | D:2      | Reached XP level 2. HP: 16/19 MP: 3/5
   255 | D:1      | Learned a level 2 spell: Searing Ray
   526 | D:1      | Reached XP level 3. HP: 24/24 MP: 3/6
  1084 | D:1      | Reached skill level 5 in Conjurations
  1365 | D:2      | Found Tost's Antique Armour Shop.
  1456 | D:2      | Bought a runed robe for 77 gold pieces
  1534 | D:2      | Reached XP level 4. HP: 24/30 MP: 2/7
  1546 | D:2      | Found a faded altar of an unknown god.
  1700 | D:2      | Learned a level 4 spell: Iskenderun's Mystic Blast
  1990 | D:2      | Got Plato's Atlas of the Bane
  2622 | D:2      | Reached XP level 5. HP: 35/35 MP: 5/8
  2910 | D:3      | Found a basalt altar of Yredelemnul.
  3135 | D:4      | Noticed a phantom
  3162 | D:4      | Killed a phantom
  3163 | D:4      | Reached XP level 6. HP: 17/41 MP: 0/9
  3283 | D:4      | Found a sand-covered staircase.
  3293 | Ossuary  | Entered an ossuary
  3648 | Ossuary  | Reached XP level 7. HP: 39/46 MP: 6/10
  4064 | Ossuary  | Identified a scroll of acquirement
  4085 | Ossuary  | Acquired the amulet of Coug {Harm rElec Regen+ rCorr}
  4123 | Ossuary  | Reached XP level 8. HP: 28/52 MP: 4/11
  4551 | Ossuary  | Reached skill level 10 in Conjurations
  5102 | D:5      | Entered Level 5 of the Dungeon
  5190 | D:5      | Found Noguj's Armour Boutique.
  5204 | D:5      | Learned a level 5 spell: Iskenderun's Battlesphere
  5310 | D:5      | Noticed Blork the orc
  5317 | D:5      | Killed Blork the orc
  5349 | D:5      | Reached skill level 5 in Spellcasting
  5349 | D:5      | Reached XP level 9. HP: 57/57 MP: 4/16
  5355 | D:5      | Learned a level 5 spell: Freezing Cloud
  5443 | D:5      | Found Zin's Purification Station.
  5446 | D:5      | Found a glowing silver altar of Zin.
  5478 | D:5      | Reached skill level 1 in Translocations
  5612 | D:5      | Noticed Pikel
  5634 | D:5      | Reached skill level 1 in Ice Magic
  5634 | D:5      | Reached skill level 1 in Air Magic
  5638 | D:5      | Killed Pikel
  5874 | D:5      | Found a hide-covered altar of Uskayaw.
  5941 | D:5      | You are sucked into a shaft and drop 2 floors!
  5949 | D:7      | Acquired the ring of Cuydiphy {rPois rC+ rN+ AC+4 Int+4}
  5952 | D:7      | Acquired a +0 buckler of fire resistance
  5954 | D:7      | Acquired 947 gold pieces
  5975 | D:7      | Found an ancient bone altar of Kikubaaqudgha.
  6897 | D:6      | Found a broken altar of Ashenzari.
  7154 | D:6      | Reached XP level 10. HP: 63/63 MP: 17/17
  7235 | D:6      | Reached skill level 5 in Translocations
  7592 | D:6      | Reached skill level 5 in Air Magic
  7724 | D:6      | Reached skill level 5 in Ice Magic
  7760 | D:6      | Identified the +8 war axe of Soxef {holy, Fly}
  8291 | D:7      | Found a staircase to the Ecumenical Temple.
  8297 | Temple   | Entered the Ecumenical Temple
  8745 | D:8      | Killed an unseen horror
  9143 | D:8      | Found a transporter.
  9149 | D:8      | Learned a level 3 spell: Hailstorm
  9156 | D:8      | Found a transporter.
  9304 | D:8      | Found a transporter.
  9305 | D:8      | Found a transporter.
  9326 | D:8      | Found a transporter.
  9328 | D:8      | Found a transporter.
  9332 | D:8      | Found a staircase to the Lair.
  9453 | D:8      | Found an ornate altar of the Wu Jian Council.
  9517 | Lair:1   | Entered Level 1 of the Lair of Beasts
  9826 | D:9      | Reached XP level 11. HP: 64/68 MP: 15/21
 10148 | D:9      | Found a radiant altar of Vehumet.
 10286 | D:9      | Became a worshipper of Vehumet
 10882 | D:9      | Found a shimmering blue altar of Sif Muna.
 11032 | Lair:1   | Learned a level 3 spell: Frozen Ramparts
 11121 | Lair:1   | Reached skill level 1 in Shields
 11130 | Lair:1   | Reached * piety under Vehumet
 11130 | Lair:1   | Offered knowledge of Foxfire by Vehumet.
 11712 | Lair:1   | Reached XP level 12. HP: 74/74 MP: 24/24
 12228 | Lair:1   | Reached skill level 1 in Fighting
 12468 | Lair:2   | Reached ** piety under Vehumet
 12468 | Lair:2   | Offered knowledge of Static Discharge by Vehumet.
 12602 | Lair:2   | Found a staircase to the Swamp.
 13512 | Lair:3   | Reached skill level 5 in Fighting
 13660 | Lair:3   | Reached XP level 13. HP: 88/91 MP: 13/25
 13695 | Lair:3   | Offered knowledge of Inner Flame by Vehumet.
 13704 | Lair:3   | Found a hole to the Spider Nest.
 14405 | Lair:4   | Noticed Nessos
 14406 | Lair:4   | Nessos changed into Nessos the deep troll
 14406 | Lair:4   | Noticed Nessos
 14410 | Lair:4   | Killed Nessos the deep troll
 14416 | Lair:4   | Noticed a seven-headed hydra
 14422 | Lair:4   | Killed a seven-headed hydra
 14422 | Lair:4   | Reached *** piety under Vehumet
 14526 | Lair:4   | Reached skill level 15 in Conjurations
 14535 | Lair:4   | Found a runed translucent door.
 14544 | Lair:4   | Noticed an acid blob
 14545 | Lair:4   | Found a staircase to the Slime Pits.
 14545 | Lair:4   | Noticed an acid blob
 14545 | Lair:4   | Noticed an acid blob
 14577 | Lair:4   | Offered knowledge of Airstrike by Vehumet.
 15610 | Lair:5   | Entered Level 5 of the Lair of Beasts
 15682 | Lair:5   | Noticed CoolSool's ghost (journeyman DgTm)
 15795 | Lair:5   | Identified the amulet "Soruaroz" {Faith rPois}
 15824 | Lair:5   | Found a transporter.
 15824 | Lair:5   | Found a transporter.
 15940 | Lair:5   | Reached **** piety under Vehumet
 15941 | Lair:5   | Reached XP level 14. HP: 82/98 MP: 26/26
 15973 | Lair:5   | Learned a level 2 spell: Blink
 16012 | Lair:5   | Found a bloodstained altar of Trog.
 16040 | Lair:5   | Upgraded the game from 0.30-a0-591-g3c58d2bc28 to
                  | 0.30-a0-595-g91969c0fa5
 16217 | Lair:5   | Offered knowledge of Stone Arrow by Vehumet.
 16637 | Lair:5   | Noticed a dire elephant
 16637 | Lair:5   | Noticed a dire elephant
 16653 | Lair:5   | Noticed a dire elephant
 16854 | Lair:5   | Killed a dire elephant
 16960 | Lair:5   | Reached skill level 5 in Dodging
 17993 | Lair:5   | Killed a dire elephant
 18000 | Lair:5   | Killed a dire elephant
 18345 | Lair:5   | Identified the +1 hat "Soic" {*Corrode rElec rPois Str-3}
 18619 | D:10     | Entered Level 10 of the Dungeon
 18666 | D:10     | Found a white marble altar of Elyvilon.
 18715 | D:10     | Found an iron altar of Okawaru.
 18945 | D:10     | Reached ***** piety under Vehumet
 19181 | D:10     | Found a burning altar of Makhleb.
 19323 | D:11     | Offered knowledge of Ozocubu's Refrigeration by Vehumet.
 19324 | D:11     | Reached XP level 15. HP: 103/103 MP: 27/27
 19433 | D:11     | Found a staircase to the Orcish Mines.
 19712 | D:11     | Found Qiuboren's Overcharged Wands.
 20308 | Orc:1    | Entered Level 1 of the Orcish Mines
 20509 | Orc:2    | Entered Level 2 of the Orcish Mines
 20509 | Orc:2    | Noticed an orc warlord
 20509 | Orc:2    | Found Sezapt's Jewellery Emporium.
 20518 | Orc:2    | Reached skill level 10 in Spellcasting
 20519 | Orc:2    | Killed an orc warlord
 20634 | Orc:2    | Reached skill level 1 in Armour
 20645 | Orc:2    | Noticed Erolcha
 20648 | Orc:2    | Killed Erolcha
 20863 | Orc:2    | Found Ciudd's Antique Armour Boutique.
 20872 | Orc:2    | Bought a pair of masterwork gloves for 285 gold pieces
 20872 | Orc:2    | Identified the +1 pair of gloves of Kuegepse {Str+3} (You
                  | bought it in a shop on level 2 of the Orcish Mines)
 20886 | Orc:2    | Bought a transparent ring mail for 270 gold pieces
 20886 | Orc:2    | Identified the +0 ring mail "Racium" {Int+4} (You bought it
                  | in a shop on level 2 of the Orcish Mines)
 20889 | Orc:2    | Bought a jasper-encrusted scale mail for 270 gold pieces
 20889 | Orc:2    | Identified the +3 scale mail "Lerodi" {rF+ rN+++ Str-4}
                  | (You bought it in a shop on level 2 of the Orcish Mines)
 20892 | Orc:2    | Bought a slimy scale mail for 270 gold pieces
 20892 | Orc:2    | Identified the +1 scale mail of the Realm of Zot {rC+ Will+
                  | Str+4} (You bought it in a shop on level 2 of the Orcish
                  | Mines)
 20959 | Orc:2    | Offered knowledge of Flame Wave by Vehumet.
 21003 | Orc:2    | Reached skill level 5 in Armour
 21132 | Orc:1    | Noticed Erica
 21138 | Orc:1    | Killed Erica
 21891 | Orc:2    | Found Etzunyel's Antique Weapon Shoppe.
 21974 | Orc:2    | Found a staircase to the Elven Halls.
 22027 | Orc:2    | Found Asadics's General Store.
 22035 | Orc:2    | Bought a potion of heal wounds for 65 gold pieces
 22062 | Orc:2    | Found a transporter.
 22065 | Orc:2    | Noticed Wuassiha's ghost (journeyman DjCj)
 22078 | Orc:2    | Found a transporter.
 22370 | Orc:2    | Identified the +2 cloak of Untruth {rF- rC++ Will+ Stlth+}
 22373 | Orc:2    | Identified the +1 cloak of Beniobap {Str+4 Int+4}
 22498 | Orc:2    | Killed Wuassiha's ghost
 22629 | Orc:2    | Bought a fine flail for 272 gold pieces
 22629 | Orc:2    | Identified the +5 flail "Iblu" {speed, rC+ rN+ rCorr} (You
                  | bought it in a shop on level 2 of the Orcish Mines)
 22632 | Orc:2    | Bought an ancient falchion for 256 gold pieces
 22632 | Orc:2    | Identified the +5 falchion "Tualos" {drain, rF++ Int-3}
                  | (You bought it in a shop on level 2 of the Orcish Mines)
 22635 | Orc:2    | Bought a scorched long sword for 272 gold pieces
 22635 | Orc:2    | Identified the +7 long sword of the Salmon {flame, *Corrode
                  | Str+6} (You bought it in a shop on level 2 of the Orcish
                  | Mines)
 22841 | D:12     | Noticed Maurice
 22843 | D:12     | Killed Maurice
 22949 | D:12     | Noticed Sonja
 22952 | D:12     | Killed Sonja
 23503 | D:13     | Reached XP level 16. HP: 109/109 MP: 27/30
 23624 | D:13     | Offered knowledge of Iron Shot by Vehumet.
 23642 | D:13     | Learned a level 6 spell: Iron Shot
 23708 | D:13     | Identified the +5 great mace "Gosysif" {venom, Str+5}
 23841 | D:13     | Reached skill level 1 in Earth Magic
 23919 | D:13     | Found a basalt altar of Yredelemnul.
 24258 | D:13     | Found a gate to the Vaults.
 25002 | D:15     | Entered Level 15 of the Dungeon
 25162 | D:15     | Reached skill level 5 in Earth Magic
 25624 | D:15     | Found Leoney's Distillery.
 25636 | D:15     | Bought a potion of heal wounds for 80 gold pieces
 25727 | D:15     | Noticed a frost giant
 25734 | D:15     | Noticed an azure jelly
 25736 | D:15     | Killed an azure jelly
 25861 | D:15     | Found a staircase to the Depths.
 26181 | Depths:1 | Entered Level 1 of the Depths
 26181 | Depths:1 | Noticed a tengu reaver
 26187 | D:15     | Killed a tengu reaver
 26453 | Elf:1    | Entered Level 1 of the Elven Halls
 26459 | Elf:1    | Offered knowledge of Lee's Rapid Deconstruction by Vehumet.
 26671 | Elf:1    | Reached XP level 17. HP: 115/115 MP: 17/34
 27095 | Elf:1    | Got the Monograph on Allied Battling
 27594 | Elf:1    | Reached skill level 15 in Spellcasting
 27849 | Elf:1    | Reached skill level 1 in Evocations
 28721 | Elf:2    | Found Gugiqe's Weapon Shoppe.
 28734 | Elf:2    | Found Iris's General Store.
 28742 | Elf:2    | Bought a potion of magic for 144 gold pieces
 28742 | Elf:2    | Bought a scroll of teleportation for 54 gold pieces
 28742 | Elf:2    | Bought a potion of haste for 180 gold pieces
 28742 | Elf:2    | Bought a scroll of magic mapping for 135 gold pieces
 28801 | Elf:2    | Reached skill level 5 in Evocations
 28946 | Elf:2    | Found Lasato's Book Boutique.
 29201 | Elf:2    | Found a runed translucent gate.
 29202 | Elf:2    | Found a runed translucent gate.
 29202 | Elf:2    | Found a runed translucent gate.
 29219 | Elf:2    | Found Dacwymm's Armour Shoppe.
 29220 | Elf:2    | Found Muemext's Magic Scroll Shoppe.
 29220 | Elf:2    | Found Vockeom's Antique Armour Emporium.
 29255 | Elf:2    | Found Tavuel's Book Emporium.
 29263 | Elf:2    | Bought 3 scrolls of magic mapping for 315 gold pieces
 29277 | Elf:2    | Found a radiant altar of Vehumet.
 29413 | Elf:2    | Found Aheixzee's Assorted Antiques.
 29698 | Elf:2    | Reached XP level 18. HP: 99/121 MP: 37/37
 29830 | Elf:3    | Entered Level 3 of the Elven Halls
 29830 | Elf:3    | Found Ubod's Assorted Antiques.
 29842 | Elf:3    | Noticed Bai Suzhen
 29860 | Elf:2    | Killed Bai Suzhen
 30012 | Elf:3    | Identified Roxanne's Vellum of the Fjord
 30012 | Elf:3    | Noticed Roxanne
 30024 | Elf:3    | Killed Roxanne
 30686 | Elf:3    | Noticed a deep elf blademaster
 30688 | Elf:3    | Killed a deep elf blademaster
 30689 | Elf:3    | Reached skill level 10 in Evocations
 30692 | Elf:3    | Noticed a deep elf master archer
 30694 | Elf:3    | Noticed a deep elf blademaster
 30696 | Elf:3    | Killed a deep elf master archer
 30697 | Elf:3    | Killed a deep elf blademaster
 30697 | Elf:3    | Noticed a deep elf blademaster
 30703 | Elf:3    | Killed a deep elf blademaster
 30703 | Elf:3    | Offered knowledge of Irradiate by Vehumet.
 30718 | Elf:3    | Noticed a deep elf master archer
 30722 | Elf:3    | Killed a deep elf master archer
 30807 | Elf:3    | Noticed a deep elf blademaster
 30812 | Elf:3    | Killed a deep elf blademaster
 30994 | Elf:3    | Noticed a Hell Sentinel
 31141 | Elf:3    | Noticed Donald
 31152 | Elf:3    | Killed Donald
 31395 | Elf:3    | Identified the +7 trident of Hoseojui {heavy, Int+6}
 31486 | Elf:3    | Learned a level 5 spell: Irradiate
 31498 | Elf:3    | Identified the +10 spear "Naaq" {vamp, Stlth+}
 31569 | Elf:3    | Identified the +2 leather armour "Nufepij" {Int+2}
 31669 | Elf:3    | Identified the +5 dagger "Xaoqeryr" {protect, Dex+2}
 31680 | Elf:3    | Learned a level 1 spell: Apportation
 32056 | Swamp:1  | Entered Level 1 of the Swamp
 32060 | Swamp:1  | Reached skill level 1 in Staves
 32070 | Swamp:1  | Reached XP level 19. HP: 124/126 MP: 23/39
 32131 | Swamp:1  | Identified the +0 chain mail "Fumoc" {+Blink rPois Regen+
                  | Str-4}
 32238 | Swamp:1  | Found a frozen archway.
 32259 | IceCv    | Entered an ice cave
 32405 | IceCv    | Reached skill level 5 in Staves
 32417 | IceCv    | Offered knowledge of Yara's Violent Unravelling by Vehumet.
 32637 | IceCv    | Got the Codex of Intimidation
 32996 | Elf:2    | Bought a scroll of amnesia for 56 gold pieces
 32996 | Elf:2    | Bought a scroll of teleportation for 42 gold pieces
 32996 | Elf:2    | Bought a scroll of enchant armour for 105 gold pieces
 32996 | Elf:2    | Bought a scroll of enchant armour for 105 gold pieces
 33110 | Elf:2    | Bought the Spellbook of Luminous Wicked Ceremonies for 816
                  | gold pieces
 34790 | Swamp:2  | Found an iron altar of Okawaru.
 35252 | Swamp:3  | Acquired 1025 gold pieces
 35404 | Swamp:3  | Reached skill level 10 in Staves
 35467 | Swamp:3  | Noticed Kirke
 35470 | Swamp:3  | Killed Kirke
 35898 | Swamp:3  | Identified the +2 falchion "Hetzod" {antimagic, rC+}
 36289 | Swamp:4  | Entered Level 4 of the Swamp
 36415 | Swamp:4  | Offered knowledge of Maxwell's Capacitive Coupling by
                  | Vehumet.
 37078 | Swamp:4  | Reached XP level 20. HP: 133/133 MP: 40/40
 37108 | Swamp:4  | Noticed the 27-headed Lernaean hydra
 37111 | Swamp:4  | Killed the 27-headed Lernaean hydra
 37221 | Swamp:4  | Got a decaying rune of Zot
 37537 | Lair:5   | Killed CoolSool's ghost
 37596 | Spider:1 | Entered Level 1 of the Spider Nest
 37614 | Spider:1 | Learned a level 2 spell: Sublimation of Blood
 38390 | Spider:1 | Found a runed translucent door.
 38393 | Spider:1 | Noticed Jaime2's ghost (journeyman MiBe)
 38402 | Spider:1 | Killed Jaime2's ghost
 38411 | Spider:1 | Identified the +3 lajatang of the Wraith {drain, Will+
                  | rCorr Stlth+}
 38674 | Spider:2 | Reached skill level 1 in Necromancy
 38890 | Spider:2 | Reached ****** piety under Vehumet
 39136 | Spider:2 | Reached skill level 15 in Evocations
 39240 | Spider:2 | Offered knowledge of Shatter by Vehumet.
 39240 | Spider:2 | Offered knowledge of Chain Lightning by Vehumet.
 39240 | Spider:2 | Offered knowledge of Polar Vortex by Vehumet.
 39291 | Spider:2 | Learned a level 3 spell: Vampiric Draining
 40033 | Spider:2 | Reached skill level 5 in Necromancy
 41181 | Spider:3 | Reached XP level 21. HP: 93/138 MP: 22/41
 42546 | Spider:4 | Entered Level 4 of the Spider Nest
 42707 | Spider:4 | Reached skill level 10 in Necromancy
 43176 | Spider:4 | Found a runed translucent door.
 43176 | Spider:4 | Found a shimmering altar of Xom.
 43176 | Spider:4 | Noticed p0werm0de's ghost (adept AtCK)
 43176 | Spider:4 | Identified the +9 double sword "Havua" {chaos, rCorr Dex+5}
 43191 | Spider:4 | Killed p0werm0de's ghost
 43431 | Spider:4 | Learned a level 6 spell: Simulacrum
 43946 | Spider:4 | Got a gossamer rune of Zot
 44286 | Vaults:1 | Entered Level 1 of the Vaults
 44961 | Vaults:1 | Reached skill level 5 in Shields
 45040 | Vaults:1 | Reached skill level 10 in Ice Magic
 45293 | Vaults:1 | Found Gozag's Antique Armour Shop.
 45409 | Vaults:1 | Found an opulent altar of Gozag.
 45419 | Vaults:1 | Learned a level 2 spell: Passwall
 45423 | Vaults:1 | Learned a level 3 spell: Lesser Beckoning
 45427 | Vaults:1 | Found Gozag's Antique Weapon Boutique.
 45435 | Vaults:1 | Found Gozag's Assorted Antiques.
 45453 | Vaults:1 | Bought a potion of heal wounds for 500 gold pieces
 45490 | Vaults:1 | Reached XP level 22. HP: 144/144 MP: 36/42
 45801 | Vaults:1 | Reached skill level 10 in Armour
 46628 | Vaults:2 | Found Oloroleq's Antique Weapon Boutique.
 46645 | Vaults:2 | Found a large runed translucent door.
 46645 | Vaults:2 | Found a large runed translucent door.
 46645 | Vaults:2 | Noticed Wikemp's ghost (veteran DsWn)
 47415 | Vaults:2 | Found a staircase to the Crypt.
 47415 | Vaults:2 | Found a basalt altar of Yredelemnul.
 47416 | Vaults:2 | Found an ancient bone altar of Kikubaaqudgha.
 47750 | Vaults:2 | Killed Wikemp's ghost
 48048 | Vaults:3 | Noticed Asterion
 48061 | Vaults:3 | Killed Asterion
 48187 | Vaults:3 | Noticed Xtahua
 48192 | Vaults:3 | Killed Xtahua
 48528 | Vaults:3 | Identified the +5 arbalest "Ledesec" {freeze, rN++ Str-3}
 48530 | Vaults:3 | Identified the +5 arbalest "Tiolutri" {flame, rN+ SInv}
 48790 | Vaults:3 | Noticed Mennas
 48815 | Vaults:3 | Killed Mennas
 48816 | Vaults:3 | Reached XP level 23. HP: 133/150 MP: 41/43
 50213 | Vaults:4 | Found Fugielix's Antique Weapon Shop.
 50219 | Vaults:4 | Bought an ancient broad axe for 333 gold pieces
 50219 | Vaults:4 | Identified the +7 broad axe "Bofost" {elec, Str+5 Dex+6}
                  | (You bought it in a shop on level 4 of the Vaults)
 50234 | Vaults:4 | Found Jaliteg's Book Boutique.
 50242 | Vaults:4 | Bought a book of Armaments for 612 gold pieces
 50289 | Vaults:4 | Learned a level 7 spell: Spellforged Servitor
 50357 | Vaults:4 | Noticed Margery
 50361 | Vaults:4 | Reached skill level 1 in Summonings
 50365 | Vaults:4 | Killed Margery
 50588 | Vaults:4 | Reached skill level 5 in Summonings
 51455 | Vaults:4 | Found Toigra's General Store.
 51461 | Vaults:4 | Bought a scroll of enchant armour for 75 gold pieces
 51461 | Vaults:4 | Bought a scroll of teleportation for 30 gold pieces
 51461 | Vaults:4 | Bought a scroll of noise for 10 gold pieces
 51554 | Vaults:4 | Acquired 772 gold pieces
 51804 | Vaults:5 | Entered Level 5 of the Vaults
 51811 | Vaults:5 | Reached XP level 24. HP: 133/156 MP: 46/46
 51956 | Vaults:5 | Noticed a golden dragon
 51960 | Vaults:5 | Killed a golden dragon
 52155 | Vaults:5 | Noticed a golden dragon
 52186 | Vaults:5 | Killed a golden dragon
 52383 | Vaults:5 | Noticed an ancient lich
 52388 | Vaults:5 | Killed an ancient lich
 52399 | Vaults:5 | Noticed an ancient lich
 52404 | Vaults:5 | Killed an ancient lich
 52531 | Vaults:5 | Found Zaetiloc's Book Shop.
 52809 | Vaults:5 | Got a silver rune of Zot
 53065 | Vaults:5 | Acquired 1281 gold pieces
 53092 | Vaults:5 | Identified the +3 giant spiked club of Oskysin {pain, rElec
                  | rPois rF+++ Dex-3}
 53347 | Vaults:5 | Found Meavehoe's Book Shoppe.
 53419 | Vaults:5 | Found Vohaorph's Jewellery Shop.
 53423 | Vaults:5 | Found Pawnuokh's Antique Armour Boutique.
 53442 | Vaults:5 | Found Lag Mueh's Antique Armour Boutique.
 53446 | Vaults:5 | Bought a glowing helmet for 292 gold pieces
 53451 | Vaults:5 | Bought a pair of embroidered boots for 307 gold pieces
 53461 | Vaults:5 | Found Ryobeq's General Store.
 53465 | Vaults:5 | Bought a scroll of immolation for 88 gold pieces
 53465 | Vaults:5 | Bought a potion of flight for 66 gold pieces
 54062 | Depths:1 | Found an opulent altar of Gozag.
 54070 | Depths:1 | Found Gozag's Platinum Reserve.
 54082 | Depths:1 | Reached XP level 25. HP: 161/161 MP: 44/47
 54091 | Depths:1 | Learned a level 8 spell: Lehudib's Crystal Spear
 54262 | Depths:1 | Identified the +7 mace of Wu Jian, Hungering {speed, rF+
                  | rC+ rN+ Will+}
 54422 | Depths:1 | Found the -2 hat of the Alchemist {rElec rPois rF+ rC+ rN+
                  | Will+ rMut rCorr}
 55288 | Depths:1 | Noticed a caustic shrike
 55293 | Depths:1 | Killed a caustic shrike
 55401 | Depths:1 | Found a gateway to Hell.
 57518 | Depths:2 | Found a one-way gate leading to the halls of Pandemonium.
 57558 | Depths:2 | Noticed a shard shrike
 57558 | Depths:2 | Noticed a shard shrike
 57558 | Depths:2 | Noticed a shard shrike
 57634 | Depths:2 | Noticed a shard shrike
 57644 | Depths:2 | Killed a shard shrike
 57644 | Depths:2 | Killed a shard shrike
 57646 | Depths:2 | Killed a shard shrike
 57744 | Depths:2 | Killed a shard shrike
 57747 | Depths:2 | Reached XP level 26. HP: 141/168 MP: 42/49
 57917 | Depths:2 | You fall into a shaft and drop 2 floors!
 57917 | Depths:4 | Entered Level 4 of the Depths
 58810 | Depths:3 | Identified the +9 bardiche of Ynos {pain, rF++ Dex+3}
 58902 | Depths:3 | Identified the +1 ring mail of Fusofos {rElec Str-3 Slay+3}
 58902 | Depths:3 | Identified the +9 shortbow "Iczebix" {freeze, rC- Will++
                  | Dex+4 Stlth+}
 58902 | Depths:3 | Identified the +0 acid dragon scales of Muttered Phrases
                  | {rN+ rCorr Dex-5 SInv}
 58902 | Depths:3 | Identified the +11 quarterstaff "Xesigewn" {vamp, Int+7}
 58970 | Depths:3 | Identified the ring of Fuboq {rF- Will++ rCorr Int-2 SInv}
 59133 | Depths:3 | Noticed an ancient lich
 59137 | Depths:3 | Killed an ancient lich
 59455 | Depths:3 | Found a one-way gate to the infinite horrors of the Abyss.
 60108 | Depths:4 | Noticed Louise
 60113 | Depths:4 | Killed Louise
 60341 | Depths:4 | Found a gate to the Realm of Zot.
 60693 | Depths:4 | Found The Oracle's Delphic Readings.
 60697 | Depths:4 | Bought a scroll of magic mapping for 112 gold pieces
 60697 | Depths:4 | Bought a scroll of teleportation for 45 gold pieces
 60697 | Depths:4 | Bought a scroll of amnesia for 60 gold pieces
 60736 | Depths:4 | Found a one-way gateway to a ziggurat.
 60841 | Zot:1    | Entered Level 1 of the Realm of Zot
 61015 | Zot:1    | Reached XP level 27. HP: 159/173 MP: 29/50
 61677 | Zot:1    | Found the +6 lightning scales {swift, rElec}
 61793 | Zot:1    | Noticed an ancient lich
 61993 | Zot:1    | Killed an ancient lich
 61994 | Zot:1    | Found a stormy altar of Qazlal.
 62018 | Zot:1    | Identified the +5 scale mail of Qoept {Regen+}
 62577 | Zot:1    | Noticed an orb of fire
 62583 | Zot:1    | Killed an orb of fire
 63163 | Zot:2    | Identified the +0 leather armour of Unreason {Dex+2}
 63195 | Zot:2    | Noticed an orb of fire
 63197 | Zot:2    | Killed an orb of fire
 63239 | Zot:2    | Noticed Grunn
 63347 | Zot:2    | Got Noachob's Notes on the Misty Congregation
 64054 | Zot:2    | Noticed a Killer Klown
 64064 | Zot:2    | Killed a Killer Klown
 64099 | Zot:2    | You fall into a shaft and drop 1 floor!
 64496 | Zot:2    | Killed Grunn
 65035 | Zot:3    | Noticed an orb of fire
 65417 | Zot:3    | Found a transporter.
 65462 | Zot:3    | Identified the +0 scale mail "Atwiobeu" {+Inv}
 65915 | Zot:3    | Found a transporter.
 66380 | Zot:3    | Killed an orb of fire
 67040 | Zot:4    | Noticed Vv
 67048 | Zot:4    | Killed Vv
 67767 | Zot:5    | Entered Level 5 of the Realm of Zot
 68205 | Zot:5    | Identified the ring of Wishful Thinking {rPois rC+ Will++
                  | Dex+4}
 68635 | Crypt:1  | Entered Level 1 of the Crypt
 68747 | Crypt:1  | Acquired 1048 gold pieces
 69418 | Crypt:1  | Learned a level 4 spell: Sticky Flame
 70069 | Crypt:2  | Found a burning altar of Makhleb.
 70556 | Crypt:2  | Reached skill level 27 in Conjurations
 71467 | Crypt:3  | Entered Level 3 of the Crypt
 72083 | Crypt:3  | Found a staircase to the Tomb.
 72369 | Crypt:3  | Reached skill level 27 in Spellcasting
 72381 | Crypt:3  | Reached skill level 1 in Fire Magic
 72410 | Crypt:3  | Learned a level 9 spell: Fire Storm
 72551 | Crypt:3  | Found an ancient bone altar of Kikubaaqudgha.
 72551 | Crypt:3  | Found a basalt altar of Yredelemnul.
 72641 | Crypt:3  | Identified the ring "Echegral" {rF+ rCorr}
 73160 | Slime:1  | Entered Level 1 of the Pits of Slime
 73334 | Slime:1  | Reached skill level 5 in Fire Magic
 73471 | Slime:3  | Learned a level 5 spell: Fireball
 73552 | Slime:5  | Entered Level 5 of the Pits of Slime
 73805 | Slime:5  | Found a viscous altar of Jiyva.
 73805 | Slime:5  | Noticed the Royal Jelly
 73813 | Slime:5  | Killed the Royal Jelly
 73983 | Slime:5  | Paralysed by a floating eye for 3 turns
 73985 | Slime:5  | Slain by a rockslime

Illustrated notes

Levels and vault maps discovered:
D:1:      dpeg_arrival_shelter, layout_basic, st_stairs_14,
          chequers_serial_rivers_micro_d
D:2:      layout_basic, shapermc_ecumenical_altar_rom_forum, serial_shops,
          nicolae_shop_statue_plus, lexackson_kobold_supper
D:3:      layout_rooms, overflow_temple_1_default
D:4:      layout_basic, enter_ossuary_3, chequers_garden, reono_crystal_passage
D:5:      layout_loops_ring, zin_purify, old_standard_altar, serial_shops,
          shop_fountains, uniq_blork_the_orc, uniq_pikel
D:6:      layout_basic, lemuel_tele_altar, kennysheep_opposing_triangles
D:7:      layout_layer_cave, mainiacjoe_overflow_cross_hatched,
          minmay_temple_entry_hall
D:8:      layout_rooms, mainiacjoe_overflow_alcove_4, lair_entry_dummy,
          serial_nicolae_subway, nicolae_sub_station_crystal,
          nicolae_sub_station_metal, nicolae_sub_station_stone
D:9:      layout_roguey, tgw_sif, vehumet_altar_wand_db
D:10:     layout_roguey, mainiacjoe_overflow_alcove_2,
          mainiacjoe_overflow_boulevard, kennysheep_mini
D:11:     layout_loops_ring, erik_orc_3, grunt_ministairs_3, nrook_mini_vaults,
          nicolae_shop_overcharged_wands
D:12:     layout_roguey, uniq_sonja, uniq_maurice
D:13:     layout_cave_pools, david_vaults_4, nicolae_yredelemnul_corpse_copse
D:14:     layout_gridville, serial_bayou_lagoon_b
D:15:     gammafunk_enter_depths_forms, layout_loops_cross, serial_shops, shop,
          corexii_leaking_fountain
Temple:   jpeg_temple_clearing
Lair:1:   layout_cellular_growth, worms_lemuel
Lair:2:   layout_gridlike, swamp_mist, dreamdust_gnoll_shepherd
Lair:3:   layout_gridlike, dummy_spider_entry
Lair:4:   layout_misc_corridors, slime_entry_2, serial_bayou,
          serial_bayou_pond_c, serial_bayou_lagoon_a, serial_bayou_lake_a,
          serial_bayou_crossing, uniq_nessos
Lair:5:   due_jungle_book, layout_regular_city,
          gammafunk_ghost_wrathful_warriors, lemuel_fruit_fields,
          lemuel_fruit_fields
Swamp:1:  layout_falls_marsh, portal_ice_cave_entry_pillars_2,
          nicolae_swamp_treefoil, infiniplex_staircase_pool
Swamp:2:  layout_basic_swamp, lemuel_altar_in_water
Swamp:3:  nicolae_swamp_phyte_club, layout_falls_marsh, hangedman_swamp_cone,
          swamp_pool3, uniq_kirke
Swamp:4:  swamp_old_school, layout_basic_swamp
Spider:1: nicolae_spider_hall_of_the_moth_king, ebering_ghost_reflecting_pool
Spider:2: nicolae_spider_hilbert_zone_3 [nicolae_spider_hilbert_4_sides_2_open,
          nicolae_spider_hilbert_3_sides_1_open,
          nicolae_spider_hilbert_3_sides_1_open,
          nicolae_spider_hilbert_3_sides_1_open,
          nicolae_spider_hilbert_3_sides_1_open,
          nicolae_spider_hilbert_4_sides_1_open,
          nicolae_spider_hilbert_4_sides_1_open,
          nicolae_spider_hilbert_4_sides_1_open,
          nicolae_spider_hilbert_4_sides_1_open,
          nicolae_spider_hilbert_4_sides_1_open,
          nicolae_spider_hilbert_4_sides_1_open,
          nicolae_spider_hilbert_4_sides_1_open,
          nicolae_spider_hilbert_4_sides_1_open,
          nicolae_spider_hilbert_3_sides_1_open,
          nicolae_spider_hilbert_3_sides_1_open,
          nicolae_spider_hilbert_3_sides_1_open,
          nicolae_spider_hilbert_3_sides_1_open]
Spider:3: layout_chambers
Spider:4: grunt_spider_rune_circles, ebering_ghost_xom, drop_trap,
          nicolae_spider_twisty_arc_passages
Slime:1:  cheibrodos_slime_lost_civilization_1, layout_caves,
          cheibrodos_slime_lost_civilization_7
Slime:2:  layout_caves
Slime:3:  layout_caves
Slime:4:  nicolae_slime_pool, layout_caves
Slime:5
Orc:1:    layout_caves, hangedman_minor_magic, uniq_erica
Orc:2:    grunt_orc_gardens, layout_diamond_mine, grunt_orc_garden,
          grunt_orc_garden, grunt_orc_garden, grunt_orc_garden,
          gammafunk_ghost_berserking_beasts, uniq_erolcha
Elf:1:    elf_arrival_001, layout_loops_cross, minmay_elf_sorcery,
          abandoned_shop, hangedman_elven_crosses_minicolossus
Elf:2:    nicolae_elf_blades_crystal_corner, layout_gridlike, serial_shops,
          shop, shop, nicolae_shop_stone, shop, basic_altar, minmay_shoptagon
Elf:3:    minmay_elf_hall_circle, layout_geoelf_octagon, serial_shops,
          nicolae_shop_overgrown_old_shop, grunt_ministairs_13, uniq_bai_suzhen,
          uniq_donald, uniq_roxanne
Vaults:1: v_misc_17, v_misc_10, hangedman_vaults_stretched_pinwheel,
          nicolae_vaults_little_squares_1, nicolae_vaults_ring_of_whatevers,
          dpeg_vaults_monster_box, kennysheep_vaults_gozag_temple,
          grunt_vaults_trifunnel, hangedman_vaults_snaps, vaults_room_pools,
          vaults_room_hallway, layout_vaults_ring
Vaults:2: advil_vaults_ghost_guards, vaults_mumra_hex,
          nicolae_vaults_specimen_jars, v_misc_15, hangedman_vaults_impose,
          nicolae_vaults_inception_statues, v_alt_pattern_2,
          hangedman_vaults_slice, v_misc_12, nicolae_vaults_mini_display_case,
          minmay_crypt_entry_necro_gods, vaults_room_hallway,
          nicolae_vaults_theta, vaults_room_semicircle, layout_vaults_omnicross,
          serial_shops, shop
Vaults:3: nicolae_vaults_an_arrangement, ontoclasm_vaults_spin,
          nicolae_vaults_yaktaur_gun_rack, grunt_vaults_swirl,
          nicolae_vaults_alarming, vaults_room_pool,
          hangedman_vaults_restitches, v_pattern_2, nicolae_vaults_asterisk,
          layout_vaults_quadrants, uniq_mennas, uniq_xtahua, uniq_asterion
Vaults:4: nicolae_vaults_triangles, v_alt_pattern_4,
          hangedman_vaults_restitches, v_alt_pattern_2,
          hangedman_vaults_corner_blocks, vaults_dpeg_diagonal,
          nicolae_vaults_circle_grid_b, nicolae_vaults_rhombus_5,
          nicolae_vaults_angled_halls, vaults_room_grunt_arrival_ludios,
          hangedman_vaults_unwind, v_misc_26, st_smaller_cells, v_misc_25,
          nicolae_vaults_angled_halls, vaults_dpeg_ring, layout_vaults_maze,
          serial_shops, shop, shop, nicolae_square_shop, uniq_margery
Vaults:5: serial_shops
Crypt:1:  layout_chaotic_city
Crypt:2:  cheibrodos_crypt_draghalla, layout_gridlike, nicolae_nh_vlads_tower
Crypt:3:  lightli_unholy_cathedral, layout_chaotic_city
Depths:1: kennysheep_blocky_room, layout_basic, pf_coc_iceberg,
          nicolae_gozag_zags_fifth_avenue, hangedman_decor_diamond_cutter,
          minmay_hollow_rounded_squares
Depths:2: dreamdust_isle_of_ice, layout_basic, grunt_pan_entry_spiral,
          grunt_hell_horde, minmay_tree_intersection,
          infiniplex_staircase_trident, grunt_megastairs_1
Depths:3: minmay_the_grid_3x3 [minmay_the_grid_tri_star,
          minmay_the_grid_outer_diamond, minmay_the_grid_armoury,
          minmay_the_grid_outer_circle, minmay_the_grid_box_x,
          minmay_the_grid_rooms, minmay_the_grid_paths,
          minmay_the_grid_artifice, minmay_the_grid_prize_shrinking_boxes],
          layout_cave_shapes, pf_hell_entry_tar_river, abyss_entry
Depths:4: evilmike_zot_entry_argh, layout_cross, enter_ziggurat_f,
          hangedman_decor_push, hell_entry,
          nicolae_abyss_entry_one_way_or_another, minivault_16,
          nicolae_nh_oracle_at_delphi
Zot:1:    regret_index_qazlal_generations, layout_cathedral_of_symmetry
Zot:2:    layout_gridlike, st_stairs_7, st_large_dragon_hoard_3, uniq_grunn
Zot:3:    gammafunk_sealed_arena, layout_basic, st_small_dragon_hoard_4,
          st_small_dragon_hoard_1
Zot:4:    layout_misc_corridors, uniq_vv
Zot:5:    layout_misc_corridors, kennysheep_underground_church

Skill      XL: |  1  2  3  4  5  6  7  8  9 10 11 12 13 14 15 16 17 18 19 20 21 22 23 24 25 26 27 |
---------------+----------------------------------------------------------------------------------+-----
Conjurations   | 5 7 9 10 11 13 16 18 19 20 22 23 27 | 27.0
Spellcasting   | 5 7 8 10 13 15 16 19 20 22 23 27 | 27.0
Translocations | 4 5 |  5.0
Ice Magic      | 4 7 8 10 | 10.0
Air Magic      | 4 5 |  5.0
Shields        | 4 6 9 |  9.0
Fighting       | 5 |  5.0
Dodging        | 5 |  5.0
Armour         | 8 9 13 14 | 14.0
Earth Magic    | 6 8 |  8.8
Evocations     | 7 10 15 | 15.6
Staves         | 2 11 12 | 12.0
Necromancy     | 6 10 | 10.0
Summonings     | 5 |  5.0
Fire Magic     | 7 |  7.1
Stealth        | |  2.0

Action                   |  1- 3 |  4- 6 |  7- 9 | 10-12 | 13-15 | 16-18 | 19-21 | 22-24 | 25-27 || total
-------------------------+-------+-------+-------+-------+-------+-------+-------+-------+-------++-------
Melee: Unarmed           |    13 |       |       |       |       |       |       |       |       ||    13
       Mace              |     9 |    34 |       |       |       |       |       |       |       ||    43
       Short sword       |       |    65 |    87 |       |       |       |       |       |       ||   152
       Punch             |       |     1 |       |       |       |       |       |       |       ||     1
       Dagger            |       |       |     5 |    18 |       |       |       |       |       ||    23
       War axe           |       |       |       |    38 |    73 |    13 |       |       |       ||   124
       Staff             |       |       |       |       |       |     1 |   225 |   120 |   251 ||   597
Throw: Dart              |       |       |       |       |     1 |     1 |       |       |       ||     2
 Cast: Magic Dart        |    17 |     3 |     2 |       |       |       |       |       |       ||    22
       Searing Ray       |    19 |    27 |    49 |    51 |   125 |    62 |    48 |       |       ||   381
       Iskenderun's Myst |       |       |     5 |    53 |   137 |   115 |   178 |   122 |   263 ||   873
       Iskenderun's Batt |       |       |       |    21 |    76 |    61 |    96 |    55 |    62 ||   371
       Freezing Cloud    |       |       |       |    19 |    41 |    51 |    44 |    37 |    62 ||   254
       Hailstorm         |       |       |       |     3 |    11 |    19 |     1 |       |     1 ||    35
       Iron Shot         |       |       |       |       |       |    51 |   148 |   255 |   581 ||  1035
       Frozen Ramparts   |       |       |       |       |       |     4 |    23 |       |       ||    27
       Apportation       |       |       |       |       |       |       |     1 |     3 |     2 ||     6
       Sublimation of Bl |       |       |       |       |       |       |    12 |    37 |    87 ||   136
       Vampiric Draining |       |       |       |       |       |       |    16 |       |       ||    16
       Simulacrum        |       |       |       |       |       |       |     7 |       |       ||     7
       Spellforged Servi |       |       |       |       |       |       |       |    19 |    52 ||    71
       Passwall          |       |       |       |       |       |       |       |       |     3 ||     3
       Lehudib's Crystal |       |       |       |       |       |       |       |       |   120 ||   120
       Sticky Flame      |       |       |       |       |       |       |       |       |     9 ||     9
       Fireball          |       |       |       |       |       |       |       |       |     8 ||     8
       Lesser Beckoning  |       |       |       |       |       |       |       |       |     2 ||     2
       Irradiate         |       |       |       |       |       |       |       |       |     1 ||     1
Evoke: Wand              |       |       |       |     1 |     4 |     7 |    11 |     6 |     3 ||    32
       Condenser vane    |       |       |       |       |       |     1 |     1 |       |     1 ||     3
       Lightning rod     |       |       |       |       |       |       |     5 |       |       ||     5
       Phantom mirror    |       |       |       |       |       |       |     1 |       |       ||     1
  Use: Scroll            |     2 |     7 |    13 |     5 |     4 |     2 |    14 |    12 |    11 ||    70
       Potion            |     1 |     2 |       |       |     5 |       |     2 |     3 |     3 ||    16
 Stab: Sleeping          |       |     1 |     1 |       |       |       |       |       |     2 ||     4
       Distracted        |       |       |       |       |       |       |       |       |     1 ||     1
Armor: Robe              |    14 |    48 |    50 |    56 |    48 |       |       |       |       ||   216
       Scale mail        |       |       |       |       |    46 |    33 |   255 |    26 |       ||   360
       Acid dragon scale |       |       |       |       |     7 |       |       |       |       ||     7
       Fire dragon scale |       |       |       |       |       |       |       |    79 |   376 ||   455
Dodge: Dodged            |    46 |    77 |    65 |    80 |   136 |    41 |   173 |    70 |   185 ||   873
Block: Buckler           |       |       |       |     7 |    63 |    12 |    84 |    61 |   164 ||   391

Table legend: (Time is in decaauts)
 A = Elapsed time spent in this place.
 B = Non-inter-level travel time spent in this place.
 C = Inter-level travel time spent in this place.
 D = Time resting spent in this place.
 E = Time spent auto-exploring this place.
 F = Levels seen in this place.
 G = Mean time per level.
                   A        B        C        D        E       F      G
               +--------+--------+--------+--------+--------+-----+--------+
         Total |  74131 |  69423 |   4708 |  21569 |  32688 |  58 | 1278.1 |
       Dungeon |  15532 |  13903 |   1629 |   2659 |   8850 |  15 | 1035.5 |
        Temple |    138 |    124 |     14 |      0 |    109 |   1 |  138.0 |
          Lair |   8339 |   7680 |    659 |   2951 |   3230 |   5 | 1667.8 |
         Swamp |   4504 |   4288 |    216 |   1050 |   2284 |   4 | 1126.0 |
   Spider Nest |   6445 |   6181 |    264 |   1921 |   3088 |   4 | 1611.2 |
    Slime Pits |    652 |    652 |      0 |    421 |      0 |   5 |  130.4 |
  Orcish Mines |   2594 |   2264 |    330 |    529 |   1129 |   2 | 1297.0 |
   Elven Halls |   5706 |   5270 |    436 |   2081 |   1618 |   3 | 1902.0 |
        Vaults |   9568 |   9054 |    514 |   2558 |   4662 |   5 | 1913.6 |
         Crypt |   4125 |   3999 |    126 |    964 |   2285 |   3 | 1375.0 |
        Depths |   7045 |   6836 |    209 |   2649 |   2711 |   4 | 1761.2 |
           Zot |   7549 |   7242 |    307 |   2822 |   2521 |   5 | 1509.8 |
       Ossuary |   1464 |   1464 |      0 |    882 |    113 |   1 | 1464.0 |
      Ice Cave |    465 |    465 |      0 |     80 |     86 |   1 |  465.0 |
               +--------+--------+--------+--------+--------+-----+--------+

Top non-repeatable levels by time:
  Lair:5: 2600 daAuts
Depths:2: 2526 daAuts
   Zot:1: 2374 daAuts
Vaults:3: 2207 daAuts
Spider:2: 2148 daAuts
Vaults:2: 2095 daAuts
Depths:1: 2093 daAuts
   Elf:1: 1963 daAuts
   Zot:2: 1959 daAuts
 Crypt:2: 1903 daAuts
   Elf:2: 1883 daAuts
   Zot:3: 1867 daAuts
Vaults:4: 1860 daAuts
   Elf:3: 1859 daAuts
Spider:3: 1850 daAuts
